| TOP OF THE 1ST |
|
Winnipeg Goldeyes batting - Pitching for Detroit Red Wings : LHP George Moran
|
|
Pitching: LHP George Moran
|
|
|
Batting: SHB Ian Thompson
|
0-0: Ball 1-0: Foul Ball, location: 2F 1-1: Ball 2-1: Foul Ball, location: 2F 2-2: Ground out 6-3 (Groundball, 6, EV 101.3 MPH)
|
|
Batting: RHB David McClellan
|
0-0: Ground out 4-3 (Groundball, 4S, EV 83.8 MPH)
|
|
Batting: RHB Steve Raine
|
0-0: Called Strike 0-1: Foul Ball, location: 2F 0-2: Ball 1-2: Foul Ball, location: 2F 1-2: Ground out 6-3 (Groundball, 56D, EV 82.5 MPH)
|
| Top of the 1st over - 0 runs, 0 hits, 0 errors, 0 left on base; Winnipeg 0 - Detroit 0 |
| BOTTOM OF THE 1ST |
|
Detroit Red Wings batting - Pitching for Winnipeg Goldeyes : RHP Tom Winsor
|
|
Pitching: RHP Tom Winsor
|
|
|
Batting: RHB Carlos Armenteros
|
0-0: Swinging Strike 0-1: Foul Ball, location: 2F 0-2: Ball 1-2: SOLO HOME RUN (Flyball, 7LD, EV 92.5 MPH), Distance : 358 ft
|
|
Batting: LHB Jon Frederick
|
0-0: Called Strike 0-1: Ball 1-1: Ground out U3 (Groundball, 3, EV 86.3 MPH)
|
|
Batting: RHB Tony Soto
|
0-0: Swinging Strike 0-1: Ball 1-1: Ball 2-1: SINGLE (Groundball, 56D, EV 101.9 MPH)
|
|
Batting: LHB Brad Gaskill
|
0-0: Ball Balk! Tony Soto to second 1-0: Ball 2-0: Ball Wild Pitch! Tony Soto to third 3-0: Base on Balls
|
|
Batting: RHB Jose Evangelista
|
0-0: Called Strike 0-1: Foul Ball, location: 2F 0-2: Ball 1-2: Ball 2-2: Foul Ball, location: 2F 2-2: Foul Ball, location: 2F 2-2: Ball 3-2: Base on Balls Brad Gaskill to second
|
|
Pitching: LHP Kevin Drew
|
|
|
Batting: RHB Willie Ochoa
|
0-0: Swinging Strike 0-1: Ball 1-1: Ball 2-1: Called Strike 2-2: Ball 3-2: Fly out, F9 (Flyball, 89S, EV 98.1 MPH)
|
|
Batting: RHB Tony Nunez
|
0-0: Ball 1-0: SINGLE (Flyball, 7S, EV 86.3 MPH) Tony Soto scores Brad Gaskill to third Jose Evangelista to second Runner from 3rd tries for Home, SAFE, throw by LF to home
|
|
Batting: RHB Jeremiah Washington
|
0-0: Ball 1-0: DOUBLE (Flyball, 8RXD, EV 110.0 MPH) Jose Evangelista scores Tony Nunez to third Runner from 3rd tries for Home, SAFE, throw by CF to home
|
|
Pinch Runner at 2nd Brandon Everett:
|
|
|
Batting: LHB Steve Herrera
|
0-0: Ball 1-0: Called Strike 1-1: Ball 2-1: Foul Ball, location: 2F 2-2: Strikes out swinging
|
| Bottom of the 1st over - 5 runs, 4 hits, 0 errors, 1 left on base; Winnipeg 0 - Detroit 5 |
| TOP OF THE 2ND |
|
Winnipeg Goldeyes batting - Pitching for Detroit Red Wings : LHP George Moran
|
|
Now at 2B: Brandon Everett
|
|
|
Batting: LHB Kuemon Shishido
|
0-0: Ground out U3 (Groundball, 3, EV 80.0 MPH)
|
|
Batting: LHB Marvin Shepherd
|
0-0: Swinging Strike 0-1: Fly out, F6 (Popup, 6MS, EV 68.1 MPH)
|
|
Batting: RHB Antonio Santos
|
0-0: Called Strike 0-1: Ball 1-1: Fly out, F9 (Flyball, 89M, EV 96.9 MPH)
|
| Top of the 2nd over - 0 runs, 0 hits, 0 errors, 0 left on base; Winnipeg 0 - Detroit 5 |
| BOTTOM OF THE 2ND |
|
Detroit Red Wings batting - Pitching for Winnipeg Goldeyes : LHP Kevin Drew
|
|
Batting: RHB Carlos Armenteros
|
0-0: Ball 1-0: Ball 2-0: Fly out, F7 (Flyball, 78S, EV 80.0 MPH)
|
|
Pitching: RHP Chad Brock
|
|
|
Batting: LHB Jon Frederick
|
0-0: Foul Ball, location: 2F 0-1: Ball 1-1: Fly out, F7 (Flyball, 7S, EV 90.0 MPH)
|
|
Batting: RHB Tony Soto
|
0-0: SINGLE (Line Drive, 34D, EV 94.4 MPH)
|
|
Batting: LHB Brad Gaskill
|
0-0: Swinging Strike 0-1: Foul Ball, location: 2F 0-2: Ball 1-2: Ball 2-2: Strikes out looking
|
| Bottom of the 2nd over - 0 runs, 1 hit, 0 errors, 1 left on base; Winnipeg 0 - Detroit 5 |
| TOP OF THE 3RD |
|
Winnipeg Goldeyes batting - Pitching for Detroit Red Wings : LHP George Moran
|
|
Batting: RHB Ton van Dijk
|
0-0: Ball 1-0: Ground out 4-3 (Groundball, 4M, EV 86.9 MPH)
|
|
Batting: RHB Kenny Reynolds
|
0-0: Ball 1-0: Ground out U3 (Groundball, 3, EV 91.9 MPH)
|
|
Batting: RHB Ricky Pizarro
|
0-0: Ball 1-0: Ball 2-0: Ball 3-0: Called Strike 3-1: Called Strike 3-2: Base on Balls
|
|
Batting: SHB Ian Thompson
|
0-0: Ball 1-0: Foul Ball, location: 2F 1-1: Called Strike 1-2: Ball 2-2: Ball 3-2: SINGLE (Line Drive, 6D, EV 97.5 MPH) Ricky Pizarro to second Ricky Pizarro to third
|
|
Batting: RHB David McClellan
|
0-0: Called Strike 0-1: Foul Ball, location: 2F 0-2: Ball 1-2: Ball 2-2: Strikes out swinging
|
| Top of the 3rd over - 0 runs, 1 hit, 0 errors, 2 left on base; Winnipeg 0 - Detroit 5 |
| BOTTOM OF THE 3RD |
|
Detroit Red Wings batting - Pitching for Winnipeg Goldeyes : RHP Chad Brock
|
|
Batting: RHB Jose Evangelista
|
0-0: SINGLE (Groundball, 34D, EV 100.6 MPH)
|
|
Batting: RHB Willie Ochoa
|
0-0: Called Strike 0-1: Ball 1-1: Ball 2-1: Called Strike 2-2: Ball 3-2: Foul Ball, location: 2F 3-2: Foul Ball, location: 2F 3-2: Foul Ball, location: 2F 3-2: SINGLE (Line Drive, 7S, EV 90.0 MPH) Jose Evangelista to second
|
|
Pitching: LHP David Gordon
|
|
|
Batting: RHB Tony Nunez
|
0-0: Foul Ball, location: 2F 0-1: SINGLE (Line Drive, 4M, EV 95.0 MPH) Jose Evangelista to third Willie Ochoa to second
|
|
Batting: RHB Brandon Everett
|
0-0: Ball 1-0: Grounds into double play, 4-6-3 (Groundball, 4, EV 102.5 MPH) Jose Evangelista scores Willie Ochoa to third
|
|
Batting: LHB Steve Herrera
|
0-0: Foul Ball, location: 2F 0-1: Ball 1-1: Foul Ball, location: 2F 1-2: Ball 2-2: Strikes out swinging
|
| Bottom of the 3rd over - 1 run, 3 hits, 0 errors, 1 left on base; Winnipeg 0 - Detroit 6 |
| TOP OF THE 4TH |
|
Winnipeg Goldeyes batting - Pitching for Detroit Red Wings : LHP George Moran
|
|
Batting: RHB Steve Raine
|
0-0: SOLO HOME RUN (Flyball, 7D, EV 106.3 MPH), Distance : 402 ft
|
|
Batting: LHB Kuemon Shishido
|
0-0: Foul Ball, location: 2F 0-1: Ball 1-1: DOUBLE (Line Drive, 78D, EV 104.4 MPH)
|
|
Batting: LHB Marvin Shepherd
|
0-0: Foul Ball, location: 2F 0-1: Ball 1-1: Called Strike 1-2: Ball 2-2: Foul Ball, location: 2F 2-2: Ball 3-2: Foul Ball, location: 2F 3-2: Hit by Pitch
|
|
Batting: RHB Antonio Santos
|
0-0: Grounds into double play, 4-6-3 (Groundball, 4, EV 79.4 MPH) Kuemon Shishido to third
|
|
Batting: RHB Ton van Dijk
|
0-0: Called Strike 0-1: Ball 1-1: Ball 2-1: Ball 3-1: Base on Balls
|
|
Batting: RHB Kenny Reynolds
|
0-0: Swinging Strike 0-1: Foul Ball, location: 2F 0-2: Fielders Choice at 2nd, 5-4 (Groundball, 56, EV 88.8 MPH)
|
| Top of the 4th over - 1 run, 2 hits, 0 errors, 2 left on base; Winnipeg 1 - Detroit 6 |
| BOTTOM OF THE 4TH |
|
Detroit Red Wings batting - Pitching for Winnipeg Goldeyes : LHP David Gordon
|
|
Batting: RHB Carlos Armenteros
|
0-0: Ball 1-0: SINGLE (Line Drive, 78S, EV 105.0 MPH)
|
|
Batting: LHB Jon Frederick
|
0-0: Called Strike 0-1: Called Strike 0-2: Ball 1-2: Ball 2-2: Ball Wild Pitch! Carlos Armenteros to second 3-2: Fly out, F7 (Flyball, 7LS, EV 88.1 MPH)
|
|
Batting: RHB Tony Soto
|
0-0: Ball 1-0: 2-RUN HOME RUN (Flyball, 7D, EV 99.4 MPH), Distance : 381 ft
|
|
Pitching: RHP Tim Weller
|
|
|
Batting: LHB Brad Gaskill
|
0-0: DOUBLE (Line Drive, 9LM, EV 110.6 MPH)
|
|
Batting: RHB Jose Evangelista
|
0-0: Ball 1-0: Ball 2-0: Ball 3-0: Called Strike 3-1: Base on Balls
|
|
Batting: RHB Willie Ochoa
|
0-0: Ball 1-0: Ball 2-0: Foul Ball, location: 2F 2-1: Foul Ball, location: 2F 2-2: Foul Ball, location: 2F 2-2: Foul Ball, location: 2F 2-2: Ball 3-2: Foul Ball, location: 2F 3-2: Foul Ball, location: 2F 3-2: Base on Balls Brad Gaskill to third Jose Evangelista to second
|
|
Batting: RHB Tony Nunez
|
0-0: Ball 1-0: Ball 2-0: Ball 3-0: Called Strike 3-1: Base on Balls Brad Gaskill scores Jose Evangelista to third Willie Ochoa to second
|
|
Pitching: RHP Larry Muttart
|
|
|
Batting: RHB Brandon Everett
|
0-0: Ball 1-0: Ball 2-0: Fielders Choice at 2nd, 5-4 (Groundball, 56, EV 110.0 MPH) Jose Evangelista scores Willie Ochoa to third
|
|
Batting: LHB Steve Herrera
|
0-0: SINGLE (Groundball, 6MS, EV 70.6 MPH) (infield hit) Willie Ochoa scores Brandon Everett to second
|
|
Batting: RHB Carlos Armenteros
|
0-0: Ball 1-0: Fly out, F7 (Flyball, 7S, EV 89.4 MPH)
|
| Bottom of the 4th over - 5 runs, 4 hits, 0 errors, 2 left on base; Winnipeg 1 - Detroit 11 |
| TOP OF THE 5TH |
|
Winnipeg Goldeyes batting - Pitching for Detroit Red Wings : LHP George Moran
|
|
Pitching: LHP Jean-Luc Legros
|
|
|
Batting: RHB Ricky Pizarro
|
0-0: SOLO HOME RUN (Flyball, 78XD, EV 116.3 MPH), Distance : 434 ft
|
|
Batting: SHB Ian Thompson
|
0-0: Called Strike 0-1: Foul Ball, location: 2F 0-2: Ball 1-2: Ball 2-2: Ball 3-2: Fly out, F8 (Flyball, 8LXD, EV 87.5 MPH)
|
|
Batting: RHB David McClellan
|
0-0: Ball 1-0: Ball 2-0: Ball 3-0: SINGLE (Flyball, 89S, EV 89.4 MPH)
|
|
Batting: RHB Steve Raine
|
0-0: Called Strike David McClellan steals 2nd base (no throw) 0-1: DOUBLE (Groundball, 5L, EV 96.9 MPH) David McClellan scores
|
|
Batting: LHB Kuemon Shishido
|
0-0: Ball 1-0: Ball 2-0: Ball 3-0: Called Strike 3-1: Base on Balls
|
|
Batting: LHB Marvin Shepherd
|
0-0: Ball 1-0: Called Strike 1-1: Foul Ball, location: 2F 1-2: Foul Ball, location: 2F 1-2: Ball 2-2: Foul Ball, location: 2F 2-2: Ball 3-2: Fly out, F4 (Flyball, 34D, EV 85.0 MPH)
|
|
Batting: RHB Antonio Santos
|
0-0: Ball 1-0: Foul Ball, location: 2F 1-1: Ball Wild Pitch! Steve Raine to third Kuemon Shishido to second 2-1: Ball 3-1: Called Strike 3-2: Base on Balls
|
|
Batting: RHB Ton van Dijk
|
0-0: Called Strike 0-1: Foul Ball, location: 2F 0-2: Ball 1-2: Ball 2-2: Ball 3-2: GRAND SLAM HOME RUN (Line Drive, 7D, EV 100.6 MPH), Distance : 396 ft
|
|
Batting: RHB Kenny Reynolds
|
0-0: Ball 1-0: SINGLE (Flyball, 89S, EV 96.9 MPH)
|
|
Batting: RHB Ricky Pizarro
|
0-0: Ball Kenny Reynolds steals 2nd base 1-0: Ball 2-0: Called Strike 2-1: Fly out, F9 (Flyball, 9S, EV 81.9 MPH)
|
| Top of the 5th over - 6 runs, 5 hits, 0 errors, 1 left on base; Winnipeg 7 - Detroit 11 |
| BOTTOM OF THE 5TH |
|
Detroit Red Wings batting - Pitching for Winnipeg Goldeyes : RHP Larry Muttart
|
|
Batting: LHB Jon Frederick
|
0-0: Foul Ball, location: 2F 0-1: Ball 1-1: Ball 2-1: Called Strike 2-2: Ball 3-2: Base on Balls
|
|
Batting: RHB Tony Soto
|
0-0: Called Strike 0-1: Ball 1-1: Ball 2-1: Fly out, F7 (Flyball, 78S, EV 88.1 MPH)
|
|
Batting: LHB Brad Gaskill
|
0-0: Called Strike 0-1: Swinging Strike 0-2: Strikes out swinging
|
|
Pitching: RHP Scot Abbott
|
|
|
Batting: RHB Jose Evangelista
|
0-0: Ball Jon Frederick is caught stealing 2nd base 2-4
|
| Bottom of the 5th over - 0 runs, 0 hits, 0 errors, 0 left on base; Winnipeg 7 - Detroit 11 |
| TOP OF THE 6TH |
|
Winnipeg Goldeyes batting - Pitching for Detroit Red Wings : LHP Jean-Luc Legros
|
|
Batting: SHB Ian Thompson
|
0-0: Ball 1-0: Fly out, F7 (Flyball, 78M, EV 81.3 MPH)
|
|
Batting: RHB David McClellan
|
0-0: Ball 1-0: Ball 2-0: Ball 3-0: Called Strike 3-1: Foul Ball, location: 2F 3-2: Strikes out swinging
|
|
Batting: RHB Steve Raine
|
0-0: Foul Ball, location: 2F 0-1: Ball 1-1: Ball 2-1: Called Strike 2-2: Ball 3-2: SINGLE (Groundball, 6D, EV 103.8 MPH)
|
|
Batting: LHB Kuemon Shishido
|
0-0: Swinging Strike 0-1: Ball 1-1: Foul Ball, location: 2F 1-2: Foul Ball, location: 2F 1-2: DOUBLE (Flyball, 78D, EV 103.8 MPH) Steve Raine to third Steve Raine scores
|
|
Pitching: RHP Juan Perez
|
|
|
Batting: LHB Marvin Shepherd
|
0-0: Ball 1-0: Ball 2-0: Ball 3-0: Called Strike 3-1: Foul Ball, location: 2F 3-2: Ground out 4-3 (Groundball, 4, EV 78.1 MPH)
|
| Top of the 6th over - 1 run, 2 hits, 0 errors, 1 left on base; Winnipeg 8 - Detroit 11 |
| BOTTOM OF THE 6TH |
|
Detroit Red Wings batting - Pitching for Winnipeg Goldeyes : RHP Scot Abbott
|
|
Batting: RHB Jose Evangelista
|
0-0: Swinging Strike 0-1: Called Strike 0-2: SINGLE (Line Drive, 9S, EV 101.3 MPH)
|
|
Batting: RHB Willie Ochoa
|
0-0: Called Strike 0-1: Foul Ball, location: 2F 0-2: Ball 1-2: Ball 2-2: Foul Ball, location: 2F 2-2: Ball 3-2: Fly out, F9 (Line Drive, 9, EV 98.1 MPH)
|
|
Batting: RHB Tony Nunez
|
0-0: Ball 1-0: Ball 2-0: Foul Ball, location: 2F 2-1: Foul Ball, location: 2F 2-2: Ball 3-2: Base on Balls Jose Evangelista to second
|
|
Batting: RHB Brandon Everett
|
0-0: Ground out 5-3 (Groundball, 56S, EV 68.8 MPH) Jose Evangelista to third Tony Nunez to second
|
|
Batting: LHB Steve Herrera
|
0-0: Swinging Strike 0-1: Foul Ball, location: 2F 0-2: Strikes out swinging
|
| Bottom of the 6th over - 0 runs, 1 hit, 0 errors, 2 left on base; Winnipeg 8 - Detroit 11 |
| TOP OF THE 7TH |
|
Winnipeg Goldeyes batting - Pitching for Detroit Red Wings : RHP Juan Perez
|
|
Batting: RHB Antonio Santos
|
0-0: Ball 1-0: SINGLE (Groundball, 5S, EV 63.8 MPH) (infield hit)
|
|
Batting: RHB Ton van Dijk
|
0-0: Ball Antonio Santos steals 2nd, throwing error, E2 Antonio Santos to third 1-0: Foul Ball, location: 2F 1-1: Called Strike 1-2: Ball 2-2: Foul Ball, location: 2F 2-2: Ground out 5-3 (Groundball, 5S, EV 86.9 MPH)
|
|
Batting: RHB Kenny Reynolds
|
0-0: Called Strike 0-1: Fly out, F6 (Line Drive, 6, EV 70.6 MPH)
|
|
Batting: RHB Ricky Pizarro
|
0-0: Ball 1-0: Fly out, F5 (Popup, 5SF, EV 85.0 MPH)
|
| Top of the 7th over - 0 runs, 1 hit, 1 error, 1 left on base; Winnipeg 8 - Detroit 11 |
| BOTTOM OF THE 7TH |
|
Detroit Red Wings batting - Pitching for Winnipeg Goldeyes : RHP Scot Abbott
|
|
Batting: RHB Carlos Armenteros
|
0-0: Called Strike 0-1: Swinging Strike 0-2: Strikes out looking
|
|
Batting: LHB Jon Frederick
|
0-0: SOLO HOME RUN (Flyball, 9D, EV 97.5 MPH), Distance : 378 ft
|
|
Batting: RHB Tony Soto
|
0-0: Called Strike 0-1: SINGLE (Groundball, 6MD, EV 103.1 MPH)
|
|
Batting: LHB Brad Gaskill
|
0-0: Called Strike 0-1: Called Strike Tony Soto steals 2nd base 0-2: Ball 1-2: Ground out 4-3 (Groundball, 4, EV 103.8 MPH) Tony Soto to third
|
|
Batting: RHB Jose Evangelista
|
0-0: Ball 1-0: SINGLE (Groundball, 4MD, EV 106.3 MPH) Tony Soto scores
|
|
Batting: RHB Willie Ochoa
|
0-0: Called Strike 0-1: Fly out, F9 (Line Drive, 9S, EV 94.4 MPH)
|
| Bottom of the 7th over - 2 runs, 3 hits, 0 errors, 1 left on base; Winnipeg 8 - Detroit 13 |
| TOP OF THE 8TH |
|
Winnipeg Goldeyes batting - Pitching for Detroit Red Wings : RHP Juan Perez
|
|
Batting: SHB Ian Thompson
|
0-0: Ball 1-0: Ball 2-0: Ball 3-0: Base on Balls
|
|
Batting: RHB David McClellan
|
0-0: Fielders Choice at 2nd, 3-6 (Groundball, 34S, EV 83.1 MPH)
|
|
Batting: RHB Steve Raine
|
0-0: Ball 1-0: Swinging Strike 1-1: Ball 2-1: Foul Ball, location: 2F 2-2: Fly out, F4 (Flyball, 4D, EV 83.1 MPH)
|
|
Batting: LHB Kuemon Shishido
|
0-0: Ball 1-0: Ball 2-0: Foul Ball, location: 2F 2-1: DOUBLE (Flyball, 78XD, EV 99.4 MPH) David McClellan to third
|
|
Batting: LHB Marvin Shepherd
|
0-0: Ball 1-0: Ball 2-0: Swinging Strike 2-1: Foul Ball, location: 2F 2-2: Foul Ball, location: 2F 2-2: Ball Wild Pitch! David McClellan scores Kuemon Shishido to third 3-2: Fly out, F5 (Popup, 5, EV 70.6 MPH)
|
| Top of the 8th over - 1 run, 1 hit, 0 errors, 1 left on base; Winnipeg 9 - Detroit 13 |
| BOTTOM OF THE 8TH |
|
Detroit Red Wings batting - Pitching for Winnipeg Goldeyes : RHP Scot Abbott
|
|
Batting: RHB Tony Nunez
|
0-0: Ball 1-0: Called Strike 1-1: SINGLE (Groundball, 6MD, EV 98.8 MPH)
|
|
Batting: RHB Brandon Everett
|
0-0: Called Strike 0-1: Ball 1-1: Ball 2-1: Called Strike 2-2: Ball 3-2: Strikes out swinging
|
|
Batting: LHB Steve Herrera
|
0-0: SINGLE (Line Drive, 8LS, EV 101.3 MPH) Tony Nunez to second Runner from 2nd tries for 3rd, SAFE, throw by CF made to third
|
|
Batting: RHB Carlos Armenteros
|
0-0: Ball 1-0: Swinging Strike 1-1: SINGLE (Line Drive, 9S, EV 106.3 MPH) Tony Nunez scores Steve Herrera to second
|
|
Batting: LHB Jon Frederick
|
0-0: Ball 1-0: Called Strike 1-1: Foul Ball, location: 2F 1-2: Ball 2-2: Foul Ball, location: 2F 2-2: SINGLE (Groundball, 56D, EV 103.8 MPH) Steve Herrera to third Carlos Armenteros to second Runner from 3rd tries for Home, SAFE, throw by LF to home
|
|
Batting: RHB Tony Soto
|
0-0: Called Strike 0-1: Foul Ball, location: 2F 0-2: Foul Ball, location: 2F 0-2: Ball 1-2: 3-RUN HOME RUN (Flyball, 7D, EV 97.5 MPH), Distance : 391 ft
|
|
Batting: LHB Brad Gaskill
|
0-0: Called Strike 0-1: Ball 1-1: Foul Ball, location: 2F 1-2: Ball 2-2: Foul Ball, location: 2F 2-2: Ball 3-2: Strikes out swinging
|
|
Pitching: RHP Aaron Elliott
|
|
|
Batting: RHB Jose Evangelista
|
0-0: Ball 1-0: Called Strike 1-1: SINGLE (Flyball, 56D, EV 88.8 MPH)
|
|
Batting: RHB Willie Ochoa
|
0-0: Ball 1-0: Foul Ball, location: 2F 1-1: Foul Ball, location: 2F 1-2: Foul Ball, location: 2F 1-2: Ball 2-2: Ball 3-2: Foul Ball, location: 2F 3-2: Foul Ball, location: 2F 3-2: Fly out, F7 (Flyball, 7, EV 89.4 MPH)
|
| Bottom of the 8th over - 5 runs, 6 hits, 0 errors, 1 left on base; Winnipeg 9 - Detroit 18 |
| TOP OF THE 9TH |
|
Winnipeg Goldeyes batting - Pitching for Detroit Red Wings : RHP Juan Perez
|
|
Batting: RHB Antonio Santos
|
0-0: Ground out U3 (Groundball, 34, EV 84.4 MPH)
|
|
Batting: RHB Ton van Dijk
|
0-0: Ball 1-0: Ball 2-0: Ball 3-0: Base on Balls
|
|
Batting: RHB Kenny Reynolds
|
0-0: Ball 1-0: Foul Ball, location: 2F 1-1: Ball 2-1: Foul Ball, location: 2F 2-2: Strikes out swinging
|
|
Batting: RHB Ricky Pizarro
|
0-0: Ball Balk! Ton van Dijk to second 1-0: Ball 2-0: Ball 3-0: Called Strike 3-1: Base on Balls
|
|
Batting: SHB Ian Thompson
|
0-0: Called Strike 0-1: Foul Ball, location: 2F 0-2: Ball 1-2: Ball 2-2: SINGLE (Flyball, 56D, EV 87.5 MPH) Ton van Dijk to third Ricky Pizarro to second
|
|
Batting: RHB David McClellan
|
0-0: SINGLE (Groundball, 4MS, EV 62.5 MPH) (infield hit) Ton van Dijk scores Ricky Pizarro to third Ian Thompson to second
|
|
Batting: RHB Steve Raine
|
0-0: Foul Ball, location: 2F 0-1: Foul Ball, location: 2F 0-2: Ball 1-2: Ball 2-2: TRIPLE (Line Drive, 78XD, EV 104.4 MPH) Ricky Pizarro scores Ian Thompson scores David McClellan scores
|
|
Pitching: RHP Glen Boyle
|
|
|
Batting: LHB Kuemon Shishido
|
0-0: Fly out, F2 (Popup, 2L, EV 93.8 MPH)
|
| Top of the 9th over - 4 runs, 3 hits, 0 errors, 1 left on base; Winnipeg 13 - Detroit 18 |
|